 Dungeon Crawl Stone Soup version 0.27-a0-54-g64bdb92e38 (webtiles) character file.

Game seed: 6278341577537387267

71 tatocazan the Poker (level 4, 0/30 HPs)
             Began as a Merfolk Gladiator on Jan 7, 2021.
             Killed from afar by Sigmund (7 damage)
             ... with a puff of flame
             ... on level 2 of the Dungeon.
             The game lasted 00:02:21 (1977 turns).

tatocazan the Poker (Merfolk Gladiator)             Turns: 1977, Time: 00:02:22

Health: 0/30       AC:  6    Str: 15    XL:     4   Next: 24%
Magic:  13/13      EV: 14    Int:  7    God:
Gold:   36         SH:  0    Dex: 15    Spells: 3/3 levels left

rFire    . . .     SeeInvis .   a - +0 trident
rCold    . . .     Faith    .   (no shield)
rNeg     . . .     Spirit   .   b - +0 leather armour
rPois    .         Reflect  .   j - +1 hat
rElec    .         Harm     .   (no cloak)
rCorr    .         Rampage  .   (no gloves)
Will     .....     Clarity  +   (no boots)
Stlth    +.........             (no amulet)
HPRegen  0.10/turn              g - ring of magical power
MPRegen  0.13/turn              (no ring)

@: hasted, very quick
A: change form in water, swift swim, stealthy swim, thin metallic scales 1,
clarity, frail 1
a: no special abilities


You were on level 2 of the Dungeon.
You visited 1 branch of the dungeon, and saw 2 of its levels.

You collected 36 gold pieces.

Inventory:

Hand Weapons
 a - a +0 trident (weapon)
Missiles
 d - 4 throwing nets (quivered)
Armour
 b - a +0 leather armour (worn)
 c - a +0 helmet
 j - a +1 hat (worn)
Jewellery
 g - a ring of magical power (left hand)
Scrolls
 f - a scroll of teleportation {unknown}
 i - a scroll of fear {unknown}
 k - a scroll of identify {unknown}
 l - a scroll of remove curse {unknown}


   Skills:
 + Level 2.9 Fighting
 * Level 5.7 Polearms
 - Level 2.5 Throwing
 + Level 4.6 Dodging


You had 3 spell levels left.
You didn't know any spells.
Your spell library was empty.

Dungeon Overview and Level Annotations

Branches:
Dungeon (2/15)

Altars:

Annotations:
D:2 Sigmund


Innate Abilities, Weirdness & Mutations

You revert to your normal form in water.
You are very nimble and swift while swimming.
You are very stealthy in the water. (Stealth+)
You are partially covered in thin metallic scales. (AC +2)
You possess an exceptional clarity of mind.
You are frail. (-10% HP)


Message History

You hit something. You hit something but do no damage.
Something hits you but does no damage.
You barely miss something. You hit something.
You hear some strange, mumbled words.
Something tries to affect you, but you resist.
You closely miss something. Something barely misses you.
You hit something. You closely miss something.
You hear a zap.
A puff of flame appears from out of thin air!
The puff of flame hits you.
* * * LOW HITPOINT WARNING * * *
You take 6 damage, and have 7/30 hp.
You barely miss something. You hit something.
You hear a zap.
A puff of flame appears from out of thin air!
The puff of flame hits you!
You die...

# #..####.#... #
#....##.......#
######..#..........#
....##..####.......#
...................
###.#.#######.....
.......# #...#
.##.#..#### #.{.#
.##..)....# #..@#
......†##.####...####
.###........?.†=......
#..................
#...................
........###....#.####
.....#### #....#.#
......# #....#.# .....
#....#


There were no monsters in sight!

Vanquished Creatures
  Terence (D:1)
  An ooze (D:1)
  A worm (D:2)
  A dart slug (D:1)
  A leopard gecko (D:1)
  4 ball pythons (D:1)
  A goblin (D:1)
  9 hobgoblins
  2 kobolds (D:1)
  A quokka (D:2)
  5 bats
  5 frilled lizards (D:1)
32 creatures vanquished.

Notes
Turn   | Place    | Note
-------+----------+-------------------------------------------
     0 | D:1      | tatocazan the Merfolk Gladiator began the quest for the
                  | Orb.
     0 | D:1      | Reached XP level 1. HP: 16/16 MP: 1/1
   446 | D:1      | Reached XP level 2. HP: 23/23 MP: 2/2
   574 | D:1      | Reached skill level 5 in Polearms
  1036 | D:1      | Reached XP level 3. HP: 28/28 MP: 3/3
  1523 | D:2      | Noticed Terence
  1552 | D:1      | Killed Terence
  1553 | D:1      | Reached XP level 4. HP: 11/34 MP: 4/4
  1958 | D:2      | Noticed Sigmund
  1967 | D:2      | Gained mutation: You possess an exceptional clarity of
                  | mind. [potion of mutation]
  1967 | D:2      | Gained mutation: You are frail. (-10% HP) [potion of
                  | mutation]
  1967 | D:2      | Gained mutation: You are partially covered in thin metallic
                  | scales. (AC +2) [potion of mutation]
  1977 | D:2      | Killed from afar by Sigmund

Illustrated notes

Levels and vault maps discovered:
D:1:      psy_arrival_whirlpool, layout_basic, nrook_uturn,
          minmay_misc_feat_columns, minmay_shallow_snake_nest
D:2:      layout_loops_cross, dk_yredelemnul_ordeal, uniq_sigmund, uniq_terence

Skill      XL: |  1  2 |
---------------+-------+-----
Polearms       | 5 |  5.7
Fighting       | |  2.9
Throwing       | |  2.5
Dodging        | |  4.6

Action                   |  1- 3 |  4- 6 || total
-------------------------+-------+-------++-------
Melee: Trident           |   101 |    27 ||   128
  Use: Potion            |       |     2 ||     2
 Stab: Sleeping          |       |     2 ||     2
Armor: Leather armour    |    18 |     4 ||    22
Dodge: Dodged            |    51 |     7 ||    58

Table legend: (Time is in decaauts)
 A = Elapsed time spent in this place.
 B = Non-inter-level travel time spent in this place.
 C = Inter-level travel time spent in this place.
 D = Time resting spent in this place.
 E = Time spent auto-exploring this place.
 F = Levels seen in this place.
 G = Mean time per level.
                   A        B        C        D        E       F      G
               +--------+--------+--------+--------+--------+-----+--------+
         Total |   1978 |   1944 |     34 |    920 |    790 |   2 |  989.0 |
       Dungeon |   1978 |   1944 |     34 |    920 |    790 |   2 |  989.0 |
               +--------+--------+--------+--------+--------+-----+--------+

Top non-repeatable levels by time:
     D:1: 1829 daAuts
     D:2: 148 daAuts
